 Dungeon Crawl Stone Soup version bcrawl-1.38.3 (webtiles) character file.

Game seed: 13583416366772153134

185467 vcxz the Skirmisher (level 6, -1/61 HPs)
             Began as a Naga Archaeologist on June 8, 2023.
             Killed by divine providence
             ... invoked by an orc priest
              (10 damage)
             ... on level 3 of the Dungeon.
             The game lasted 00:07:54 (3165 turns).

vcxz the Skirmisher (Naga Archaeologist)            Turns: 3165, Time: 00:07:55

Health: -1/61      AC:  5    Str: 16 (18) XL:     6   Next: 70%
Magic:  7/7        EV: 10    Int: 16      God:
Gold:   215        SH:  0    Dex: 11 (14) Spells: 3/6 levels left

rFire    x . .     GDR:     23% a - +1 whip
rCold    + . .     SeeInvis +   (no shield)
rNeg     . . .     Gourm    .   c - +1 robe
rPois    +         Faith    .   d - +1 hat
rElec    .         Spirit   .   (no cloak)
rCorr    .         Reflect  .   (no gloves)
MR       .....                  (no barding)
Stlth    ++........             (no amulet)
HPRegen  0.20/turn              n - +4 ring of slaying
MPRegen  0.10/turn              h - ring "Azabuzxu" {+Blink rF- rC+ Str+4 Dex+5}

@: marked, drained, very slow
A: large, tail, swims, see invisible, deformed body, poison resistance, slowness
2, slow metabolism 1, spit poison 1, AC +2
a: Spit Poison, Evoke Blink


You were on level 3 of the Dungeon.
You were not hungry.

You visited 1 branch of the dungeon, and saw 4 of its levels.

You collected 215 gold pieces.

Inventory:

Hand Weapons
 a - a +1 whip (weapon)
Armour
 c - a +1 robe (worn)
 d - a +1 hat (worn)
 q - a +1 robe
Jewellery
 h - the ring "Azabuzxu" (right hand) {+Blink rF- rC+ Str+4 Dex+5}
   (You acquired it on level 2 of the Dungeon)

   [ring of strength]

   It affects your strength (+4).
   It affects your dexterity (+5).
   It makes you vulnerable to fire.
   It protects you from cold.
   It lets you blink.
 n - a +4 ring of slaying (left hand)
Scrolls
 g - 2 scrolls of magic mapping
 l - 3 scrolls of remove curse
 p - a scroll of enchant armour
Potions
 m - a potion of curing
Comestibles
 e - 6 rations {!d}


   Skills:
 - Level 5.0(4.3) Fighting
 - Level 3.8(3.2) Maces & Flails
 - Level 2.4(1.7) Dodging
 - Level 4.8(4.1) Stealth
 * Level 0.8(0.2) Spellcasting
 * Level 1.0(0.4) Transmutations


You had 3 spell levels left.
You knew the following spells:

 Your Spells              Type           Power        Failure   Level  Hunger
a - Spider Form           Tmut/Pois      #..          56%         3    #####..

Your spell library contained the following spells:

 Spells                   Type           Power        Failure   Level  Hunger
 Magic Dart               Conj           #...         26%         1    None
 Blink                    Tloc           N/A          36%         2    ####...
 Call Imp                 Summ           #.....       36%         2    ####...
 Conjure Flame            Conj/Fire      #.......     58%         3    #####..
 Mephitic Cloud           Conj/Pois/Air  #.......     58%         3    #####..


Dungeon Overview and Level Annotations

Branches:
Dungeon (4/12)
 Temple: D:4-7

Altars:

Annotations:
D:3 Grinder


Innate Abilities, Weirdness & Mutations

You cannot wear boots.
You can swim through water.
Your serpentine skin is tough. (AC +2)
You have supernaturally acute eyesight. (SInv)
Armour fits poorly on your strangely shaped body.
Your system is resistant to poisons. (rPois)
You cover ground very slowly.
You have a slow metabolism.
You can spit poison.


Message History

Really abort (and waste the scroll)?
Okay, then.
The kobold barely misses you.
Okay, then.
The orc priest invokes the aid of Beogh against you.
Beogh smites you!
* * * LOW HITPOINT WARNING * * *
The orc priest calls down the wrath of Beogh upon you.
Beogh smites you!
* * * LOW HITPOINT WARNING * * *
The kobold hits you.
* * * LOW HITPOINT WARNING * * *
You feel better. The kobold misses you.
You feel better. The kobold misses you.
The orc priest mumbles some strange prayers to Beogh against you.
Beogh smites you!
* * * LOW HITPOINT WARNING * * *
The orc priest invokes the aid of Beogh against you.
Beogh smites you!
You die...

##...#.# #...##.#
##...##.# #...###.#
##...# #.# ##...##
#.####### ##### ##...##
#.......## #....# #...##
#........## #......
...## #..>...@..#
....o.. ..## #......K..#
..5.≈≈≈ ..# #........o#
.o.≈≈≈≈ .##
#.........#######K..≈≈♣≈
.#
#.........o)oo5§§§..≈≈≈≈
##
#........###.####♣...≈≈≈
# #........###.# .....
###### ##.........##.#
....
.....####..........#..#
...


You could see 2 orc priests and a kobold.

Vanquished Creatures
  A howler monkey (D:2)
  2 hounds (D:3)
  Natasha (thrice) (D:3)
  A hound skeleton (D:3)
  Robin (D:3)
  5 gnolls
  2 adders
  2 oozes (D:2)
  5 worms
  A dart slug (D:2)
  2 leopard geckos (D:2)
  3 orcs (D:3)
  A ball python (D:1)
  6 giant cockroaches
  5 goblins
  8 hobgoblins
  16 jackals
  2 quokkas (D:3)
  3 bats
  3 frilled lizards
  7 kobolds
  7 rats
86 creatures vanquished.

Notes
Turn   | Place    | Note
-------+----------+-------------------------------------------
     0 | D:1      | vcxz the Naga Archaeologist began the quest for the Orb.
     0 | D:1      | Reached XP level 1. HP: 18/18 MP: 1/1
   382 | D:1      | Reached XP level 2. HP: 15/25 MP: 2/2
  1064 | D:2      | Reached XP level 3. HP: 31/32 MP: 3/3
  1067 | D:2      | Reached skill level 2 in Fighting
  1430 | D:2      | Reached XP level 4. HP: 40/40 MP: 4/4
  1438 | D:2      | Reached skill level 3 in Fighting
  1887 | D:2      | Reached skill level 4 in Fighting
  1887 | D:2      | Reached XP level 5. HP: 24/50 MP: 5/5
  1887 | D:2      | Identified a scroll of acquirement
  1891 | D:2      | Identified the +3 short sword of Slow Death {venom, +Rage
                  | rC+ Int-2 SInv} (You acquired it on level 2 of the Dungeon)
  1891 | D:2      | Identified the ring "Azabuzxu" {+Blink rF- rC+ Str+4 Dex+5}
                  | (You acquired it on level 2 of the Dungeon)
  2361 | D:3      | Noticed Natasha
  2491 | D:3      | Killed Natasha
  2499 | D:3      | Reached XP level 6. HP: 42/58 MP: 6/6
  2500 | D:4      | Noticed a hippogriff
  2570 | D:3      | Noticed Natasha
  2593 | D:3      | Killed Natasha
  2686 | D:3      | Noticed Natasha
  2694 | D:3      | Killed Natasha
  2723 | D:3      | Reached skill level 5 in Fighting
  2836 | D:3      | Learned a level 3 spell: Spider Form
  2917 | D:3      | Found a faded altar of an unknown god.
  2924 | D:3      | Noticed Robin
  3049 | D:3      | Killed Robin
  3138 | D:3      | Noticed Grinder
  3154 | D:3      | Reached skill level 1 in Transmutations
  3160 | D:3      | HP: 3/61 [orc priest/divine providence (10)]
  3160 | D:3      | HP: 1/61 [kobold (2)]
  3165 | D:3      | Killed from afar by an orc priest

Skill      XL: |  1  2  3  4  5  6 |
---------------+-------------------+-----
Maces & Flails | 2 3 |  3.8
Fighting       | 2 4 5 |  5.0
Transmutations | 1 |  1.0
Dodging        | |  2.4
Stealth        | |  4.8
Spellcasting   | |  0.8

Action                   |  1- 3 |  4- 6 || total
-------------------------+-------+-------++-------
Melee: Whip              |   130 |   206 ||   336
 Abil: Spit Poison       |     6 |     1 ||     7
  Use: Scroll            |       |     9 ||     9
       Potion            |       |     4 ||     4
 Stab: Sleeping          |     5 |     3 ||     8
  Eat: Chunk             |     5 |    10 ||    15
Armor: Robe              |    33 |    86 ||   119
Dodge: Dodged            |    72 |   158 ||   230
